 Dungeon Crawl Stone Soup version 0.29-a0-284-gf9362112df (webtiles) character file.

Game seed: 9216117169319323548

31 Viktor5750 the Covered (level 3, -3/23 HPs)
             Began as a Gargoyle Fighter on Mar 24, 2022.
             Slain by Terence
             ... wielding a +0 falchion
              (5 damage)
             ... on level 2 of the Dungeon on Mar 25, 2022.
             The game lasted 00:22:15 (2452 turns).

Viktor5750 the Covered (Gargoyle Fighter)           Turns: 2452, Time: 00:22:15

Health: -3/23      AC: 13    Str: 21    XL:     3   Next: 22%
Magic:  3/3        EV:  7    Int:  8    God:
Gold:   63         SH:  4    Dex:  9    Spells: 2/2 levels left

rFire   . . .      SeeInvis .   h - +0 club
rCold   . . .      Faith    .   c - +0 buckler
rNeg    + . .      Spirit   .   f - +1 chain mail
rPois   ∞          Reflect  .   (no helmet)
rElec   +          Harm     .   (no cloak)
rCorr   .          Rampage  .   (no gloves)
Will    .....                   (no boots)
Stlth   ..........              (no amulet)
HPRegen 0.07/turn               (no ring)
MPRegen 0.08/turn               (no ring)

@: mighty
A: sickness immunity, AC +3, negative energy resistance 1, electricity
resistance, torment resistance 1, petrification resistance
a: no special abilities


You were on level 2 of the Dungeon.
You visited 1 branch of the dungeon, and saw 2 of its levels.

You collected 63 gold pieces.

Inventory:

Hand Weapons
 a - a +0 flail
 g - a +0 dagger
 h - a +0 club (weapon)
Missiles
 j - 58 stones (quivered)
Armour
 b - a +0 scale mail
 c - a +0 buckler (worn)
 f - a +1 chain mail (worn)
 i - a +0 robe {i}
Jewellery
 e - an amulet of faith
Scrolls
 o - a scroll of blinking {unknown}
Potions
 l - a potion of heal wounds {unknown}
 n - a potion of degeneration {unknown}


   Skills:
 + Level 3.4 Fighting
 + Level 2.4 Maces & Flails
 + Level 3.8 Armour
 + Level 0.3 Dodging
 + Level 3.5 Shields


You had 2 spell levels left.
You didn't know any spells.
Your spell library was empty.

Dungeon Overview and Level Annotations

Branches:
Dungeon (2/15)

Altars:

Annotations:
D:2 Terence


Innate Abilities, Weirdness & Mutations

You are immune to sickness and miasma.
Your stone body is resilient. (AC +3)
You are immune to poison.
You resist negative energy. (rN+)
You are resistant to electric shocks. (rElec)
You are resistant to unholy torment.
You are immune to petrification.


Message History

You kill the adder!
You have reached level 3!
Your experience leads to an increase in your attributes!
Increase (S)trength, (I)ntelligence, or (D)exterity?
Uppercase letters only, please.
You feel stronger. x2
e - an amulet of faith
j - 60 stones (gained 5)
You start resting.
HP restored.
Save game and exit?
Welcome back, Viktor5750 the Gargoyle Fighter.
Press ? for a list of commands and other information.
Terence the Incautious comes into view.
He is wielding a +0 falchion.
Terence shouts!
Found a glowing bronze wand.
You throw a stone. The stone barely misses Terence.
You throw a stone.
The stone hits Terence but does no damage.
Terence hits you with a +0 falchion.
Unknown command.
You hit Terence but do no damage. Terence barely misses you.
You barely miss Terence. Terence hits you but does no damage.
You hit Terence.
Terence is lightly wounded.
Terence hits you with a +0 falchion.
You hit Terence but do no damage.
Terence is lightly wounded.
Terence hits you but does no damage. Terence shouts, "Now you die!"
Terence hits you with a +0 falchion!
You are too injured to fight recklessly!
You hit Terence but do no damage. Terence hits you but does no damage.
You closely miss Terence. Terence hits you with a +0 falchion.
* * * LOW HITPOINT WARNING * * *
You feel very mighty all of a sudden. You block Terence's attack.
Terence says, "Don't bother to defend, it's useless."
Terence hits you with a +0 falchion.
You die...

## #.. ###.######## #
..........# #.
......##.###
#####.####.###.##.#..
..................#.#
........@...##.#..#.#
#####.#@#.........#.#
# #(######.#..#.# ../
#.#..#.# ....
#.#..<.# ......
..#..#.# ##(....
###..#.# ##...## #
#..#.. #.###.###.####


You could see Terence.

Vanquished Creatures
  2 adders (D:2)
  A ball python (D:1)
  2 endoplasms (D:1)
  A goblin (D:1)
  A hobgoblin (D:1)
  A quokka (D:1)
  4 bats
  A frilled lizard (D:1)
  2 rats (D:1)
15 creatures vanquished.

Notes
Turn   | Place    | Note
-------+----------+-------------------------------------------
     0 | D:1      | Viktor5750 the Gargoyle Fighter began the quest for the
                  | Orb.
     0 | D:1      | Reached XP level 1. HP: 14/14 MP: 1/1
    10 | D:1      | Noticed a tengu
    10 | D:1      | Noticed a formicid
    12 | D:1      | Noticed an octopode
    14 | D:1      | Noticed a spriggan
    16 | D:1      | Noticed a vampire
    16 | D:1      | Noticed a felid
    18 | D:1      | Noticed an elf
    20 | D:1      | Noticed a dwarf
    20 | D:1      | Noticed an ogre
    22 | D:1      | Noticed a draconian
    22 | D:1      | Noticed a gargoyle
    24 | D:1      | Noticed a naga
    24 | D:1      | Noticed a merfolk
    26 | D:1      | Noticed a vine stalker
    28 | D:1      | Noticed a ghoul
    28 | D:1      | Noticed a demonspawn
    30 | D:1      | Noticed a troll
    30 | D:1      | Noticed a human
    32 | D:1      | Noticed a demigod
    86 | D:1      | Noticed a minotaur
   411 | D:1      | no
   706 | D:1      | Found a faded altar of an unknown god.
   792 | D:1      | Reached XP level 2. HP: 17/19 MP: 2/2
  2375 | D:2      | Reached XP level 3. HP: 19/23 MP: 3/3
  2441 | D:2      | Noticed Terence
  2452 | D:2      | Slain by Terence

Illustrated notes

#.###.........###.##.# #o#.#
#.# #.###.#.........# ###.#
##.###.# #......##.##.# #.#.#
#......# #.........# )# ###.#
#..##### #.##.###### .# #V#.#
#..# #.##.# .#######.#
#..#######.##.# ....##.#.#
#...(......##'## ###.####.#
#.##########..@## #.##g#.# #.#
##.....## ##.####.# #.#.
##.......## ##..##d#.#
#....####.........####...####.#
#.................'.......#N#.#
#............÷)...####....###.#
#...#.###...†....## #.....#M#.#
#..##.# #.......## #.....###.#
#..# # #..#...## #.....#n#.#


Turn 411 on D:1: no

Levels and vault maps discovered:
D:1:      kb_arrival_jail, layout_loops_corners, ebering_ecumenical_altar_webs
D:2:      layout_loops_ring, nicolae_concentric_dashed_squares_mild,
          grunt_ministairs_14, uniq_terence

Action                   || total
-------------------------++-------
Melee: Flail             ||    15
       Club              ||    89
Throw: Stone             ||     7
  Use: Potion            ||     3
       Scroll            ||     2
Armor: Scale mail        ||    56
       Chain mail        ||    65
Dodge: Dodged            ||   102
Block: Buckler           ||    36

Table legend: (Time is in decaauts)
 A = Elapsed time spent in this place.
 B = Non-inter-level travel time spent in this place.
 C = Inter-level travel time spent in this place.
 D = Time resting spent in this place.
 E = Time spent auto-exploring this place.
 F = Levels seen in this place.
 G = Mean time per level.
                   A        B        C        D        E       F      G
               +--------+--------+--------+--------+--------+-----+--------+
         Total |   2479 |   2475 |      4 |    330 |      3 |   2 | 1239.5 |
       Dungeon |   2479 |   2475 |      4 |    330 |      3 |   2 | 1239.5 |
               +--------+--------+--------+--------+--------+-----+--------+

Top non-repeatable levels by time:
     D:1: 2274 daAuts
     D:2: 205 daAuts
